 Dungeon Crawl Stone Soup version 0.28-a0-969-g2dcde036d2 (webtiles) character file.

Game seed: 5137298373889705748

66 Decritt the Skirmisher (level 4, -1/35 HPs)
             Began as a Djinni Hedge Wizard on Dec 1, 2021.
             Slain by Crazy Yiuf (4 damage)
             ... on level 2 of the Dungeon.
             The game lasted 00:06:05 (3052 turns).

Decritt the Skirmisher (Djinni Hedge Wizard)        Turns: 3052, Time: 00:06:05

Health: -1/35      AC:  4    Str:  9    XL:     4   Next: 37%
Gold:   39         EV: 12    Int: 17    God:
                   SH:  0    Dex: 13

rFire   + + .      SeeInvis .   k - +2 whip (freeze)
rCold   x . .      Faith    .   (no shield)
rNeg    . . .      Spirit   .   b - +0 robe
rPois   ∞          Reflect  .   f - +0 helmet
rElec   .          Harm     .   i - +0 cloak
rCorr   .          Rampage  .   (no gloves)
Will    .....                   (boots unavailable)
Stlth   ++........              (no amulet)
HPRegen 0.11/turn               (no ring)
MPRegen 0.00/turn               (no ring)

@: flying
A: sickness immunity, fire resistance 2, cold vulnerability 1, float, innate
caster, hp casting, extra vitality 1
a: no special abilities


You were on level 2 of the Dungeon.
You visited 1 branch of the dungeon, and saw 2 of its levels.

You collected 39 gold pieces.

Inventory:

Hand Weapons
 a - a +0 dagger
 j - a +2 dagger of venom
 k - a +2 whip of freezing (weapon)
Missiles
 d - 50 stones (quivered)
Armour
 b - a +0 robe (worn)
 c - a +0 hat
 f - a +0 helmet (worn)
 i - a +0 cloak (worn)
Scrolls
 g - a scroll of teleportation {unknown}
 h - 2 scrolls of fog {unknown}
Potions
 e - a potion of heal wounds {unknown}


   Skills:
 * Level 3.4 Fighting
 - Level 2.1 Dodging
 - Level 1.5 Stealth
 + Level 2.5 Spellcasting


You couldn't memorise any spells.
You knew the following spells:

 Your Spells              Type           Power      Damage    Failure   Level
a - Magic Dart            Conj           40%        1d5       6%          1
b - Blink                 Tloc           20%        N/A       10%         2
c - Call Imp              Summ           10%        N/A       10%         2
d - Slow                  Hex            40%        N/A       6%          1
e - Conjure Flame         Conj/Fire      10%        6-21      19%         3
f - Mephitic Cloud        Conj/Pois/Air  10%        N/A       19%         3
g - Freeze                Ice            40%        1d6       6%          1
Your spell library was empty.

Dungeon Overview and Level Annotations

Branches:
Dungeon (2/15)

Altars:

Annotations:
D:2 Crazy Yiuf


Innate Abilities, Weirdness & Mutations

You are immune to sickness and miasma.
You are immune to poison.
Your flesh is very heat resistant. (rF++)
You are vulnerable to cold. (rC-)
You float through the air rather than walking.
You learn spells naturally, not from books.
Your magical power is your life essence.
You have superior vitality. (+4 HP)


Message History

Crazy Yiuf freezes your crimson imp.
Your crimson imp dies!
Your crimson imp disappears in a puff of smoke!
Casting: Call Imp (safe; 10% risk of failure)
Confirm with . or Enter, or press ? or * to list all spells.
Aiming: Magic Dart (safe; 6% risk of failure)
Press: ? - help, Shift-Dir - straight line, f - Crazy Yiuf
Aim: Crazy Yiuf, wielding a +3 quarterstaff of chaos and wearing a +0 cloak (100% to hit)
The magic dart hits Crazy Yiuf.
Crazy Yiuf is lightly wounded.
You hit Crazy Yiuf. You freeze Crazy Yiuf.
Crazy Yiuf is heavily wounded.
Crazy Yiuf barely misses you.
Crazy Yiuf says, "Goldfish King bag!"
Crazy Yiuf barely misses you.
Your magical contamination has completely faded away.
You hit Crazy Yiuf. You freeze Crazy Yiuf.
Crazy Yiuf is severely wounded.
Crazy Yiuf misses you.
You hit Crazy Yiuf but do no damage.
Crazy Yiuf is severely wounded.
Crazy Yiuf hits you with a +3 quarterstaff of chaos.
Space warps horribly around you!
* * * LOW HITPOINT WARNING * * *
Casting: Magic Dart (safe; 6% risk of failure)
Confirm with . or Enter, or press ? or * to list all spells.
Aiming: Magic Dart (safe; 6% risk of failure)
Press: ? - help, Shift-Dir - straight line, f/p - Crazy Yiuf
Aim: Crazy Yiuf, wielding a +3 quarterstaff of chaos and wearing a +0 cloak (severely wounded, 100% to hit)
The magic dart hits Crazy Yiuf.
Crazy Yiuf is severely wounded.
* * * LOW HITPOINT WARNING * * *
Crazy Yiuf closely misses you.
You barely miss Crazy Yiuf.
Crazy Yiuf is severely wounded.
Crazy Yiuf cries, "Flower!
Nubble stair sing."
Crazy Yiuf hits you with a +3 quarterstaff of chaos!
* * * LOW HITPOINT WARNING * * *
Crazy Yiuf freezes you.
You die...

##......####......#
##..####........<.#
##..####.###.....##
......†..# ##...##
### ##..######
##### ##.. #..#
#... #..####
♣♣♣♣♣### ##..
#.....# ###
♣♣♣.♣....## #..
##.####
#...#♣g@♣......##
#.. #.#
#...'.♣♣♣♣.P....#
#.. #.# #)..#♣♣
♣♣P....# ####.. #.#
### ♣♣###.###...).
###.#### #.........
....)..# ####..##..
######.# ### ###
#..##.. #.# #.#
#.#########..##..
#.# #.#
#........<.......


You could see Crazy Yiuf.

Vanquished Creatures
  An adder (D:2)
  2 worms (D:2)
  5 dart slugs
  4 endoplasms (D:1)
  3 giant cockroaches (D:1)
  4 goblins
  2 hobgoblins (D:1)
  A quokka (D:1)
  2 ball pythons
  5 bats
  3 frilled lizards
  A kobold (D:1)
  4 rats
37 creatures vanquished.

Vanquished Creatures (collateral kills)
  A goblin (D:2)
  A hobgoblin (D:2)
  A kobold (D:2)
  A quokka (D:2)
4 creatures vanquished.

Grand Total: 41 creatures vanquished

Notes
Turn   | Place    | Note
-------+----------+-------------------------------------------
     0 | D:1      | Decritt the Djinni Hedge Wizard began the quest for the
                  | Orb.
     0 | D:1      | Reached XP level 1. HP: 15/15 MP: 0/0
   335 | D:1      | Reached skill level 1 in Fighting
   404 | D:1      | Reached XP level 2. HP: 10/22 MP: 0/0
   915 | D:1      | Reached skill level 2 in Fighting
  1165 | D:1      | Reached XP level 3. HP: 2/29 MP: 0/0
  1165 | D:1      | Learned a level 1 spell: Freeze
  1932 | D:2      | Reached skill level 3 in Fighting
  2454 | D:2      | Reached XP level 4. HP: 34/35 MP: 0/0
  3034 | D:2      | Found a runed translucent door.
  3035 | D:2      | Noticed Crazy Yiuf
  3052 | D:2      | Slain by Crazy Yiuf

Illustrated notes

Levels and vault maps discovered:
D:1:      mushboom_english_gardens, layout_rooms, st_stairs_1
D:2:      layout_loops_ring, uniq_crazy_yiuf_cottage

Skill      XL: |  1  2  3 |
---------------+----------+-----
Fighting       | 1 2 3 |  3.4
Dodging        | |  2.1
Stealth        | |  1.5
Spellcasting   | |  2.5

Action                   |  1- 3 |  4- 6 || total
-------------------------+-------+-------++-------
Melee: Dagger            |    59 |     3 ||    62
       Whip              |       |     4 ||     4
Throw: Stone             |    35 |       ||    35
 Cast: Magic Dart        |    79 |    15 ||    94
       Call Imp          |       |     5 ||     5
Armor: Robe              |    13 |     1 ||    14
Dodge: Dodged            |    51 |     7 ||    58

Table legend: (Time is in decaauts)
 A = Elapsed time spent in this place.
 B = Non-inter-level travel time spent in this place.
 C = Inter-level travel time spent in this place.
 D = Time resting spent in this place.
 E = Time spent auto-exploring this place.
 F = Levels seen in this place.
 G = Mean time per level.
                   A        B        C        D        E       F      G
               +--------+--------+--------+--------+--------+-----+--------+
         Total |   3054 |   3043 |     11 |   1427 |   1164 |   2 | 1527.0 |
       Dungeon |   3054 |   3043 |     11 |   1427 |   1164 |   2 | 1527.0 |
               +--------+--------+--------+--------+--------+-----+--------+

Top non-repeatable levels by time:
     D:1: 1846 daAuts
     D:2: 1208 daAuts
